 Dungeon Crawl Stone Soup version 0.15-a0-2198-g7f377d1 (webtiles) character file.

40240 Ololoev the Carver (level 13, -1/109 (111) HPs)
             Began as a Centaur Hunter on July 22, 2014.
             Was the Champion of Okawaru.
             Killed from afar by a fire dragon (25 damage)
             ... with a blast of flame
             ... on Level 15 of the Dungeon on July 23, 2014.
             The game lasted 02:17:32 (25921 turns).

Ololoev the Carver (Centaur Hunter)                Turns: 25921, Time: 02:17:32

HP  -1/109 (111) AC 21     Str 14      XL: 13   Next: 73%
MP  22/22        EV  4     Int 10      God: Okawaru [******]
Gold 63          SH  0     Dex 16      Spells:  1 memorised, 11 levels left

rFire  . . .     SeeInvis .     Q - +1 claymore (slice)
rCold  + . .     Clarity  .     p - +4 chain mail {rC+}
rNeg   + . .     rCorr    .     (no shield)
rPois  +         rRot     .     u - +0 helmet
rElec  .         Spirit   .     l - +2 cloak {rPois}
SustAb .         Warding  .     d - +1 pair of gloves
rMut   .         Stasis   .     (no barding)
Gourm  .                        a - amulet of faith
MR     .....                    h - ring of positive energy
                                F - ring of teleport control

@: very quick, not resistant to hostile enchantments, extremely unstealthy
A: hooves 3, deformed body, speed 2, tough skin 3
a: Heroism, Finesse, Renounce Religion, Evoke Teleport Control


You were on level 15 of the Dungeon.
You worshipped Okawaru.
Okawaru was exalted by your worship.
You were not hungry.

You visited 2 branches of the dungeon, and saw 16 of its levels.
You also visited: Ice Cave.

You collected 910 gold pieces.
You spent 847 gold pieces at shops.

Inventory:

Hand weapons
 v - a +0 blowgun
 Q - a +1 claymore of slicing (weapon)
Missiles
 o - 22 tomahawks
 y - 3 silver javelins
 B - 2 javelins (quivered)
 E - 2 steel tomahawks
 L - a poisoned needle
 P - 2 poisoned javelins
Armour
 d - a +1 pair of gloves (worn)
 l - a +2 cloak of poison resistance (worn)
 p - a +4 chain mail of cold resistance (worn)
 u - a +0 helmet (worn)
Magical devices
 e - a wand of invisibility (4)
 g - a wand of polymorph (2)
 M - a wand of fire (2)
Comestibles
 f - 12 bread rations
 k - 6 meat rations
 J - a beef jerky
Scrolls
 c - a scroll of enchant weapon
 i - 4 scrolls of identify
 j - 8 scrolls of remove curse
 r - 10 scrolls of teleportation
 w - 2 scrolls of fear
 C - 2 scrolls of enchant armour
 D - a scroll of amnesia
 H - 3 scrolls of immolation
 N - a scroll of magic mapping
Jewellery
 a - an amulet of faith (around neck)
 b - an uncursed ring of flight
 h - a ring of positive energy (right hand)
 t - a +1 ring of evasion {unknown}
 F - a ring of teleport control (left hand)
Potions
 m - a potion of restore abilities
 n - 2 potions of heal wounds
 q - a potion of magic
 s - 3 potions of brilliance
 x - a potion of haste
 z - 2 potions of might
 G - a potion of flight
 K - a potion of mutation


   Skills:
 - Level 9.1 Fighting
   Level 0.8(5.8) Short Blades
 * Level 12.6 Long Blades
 - Level 12.3 Throwing
 - Level 8.0 Armour
 - Level 6.3 Dodging
 - Level 0.5 Stealth
 - Level 8.0 Evocations


You had 11 spell levels left.
You knew the following spells:

 Your Spells              Type           Power        Failure   Level  Hunger
a - Apportation           Tloc           #.........   100%        1    ##.....


Dungeon Overview and Level Annotations

Branches:
Dungeon (15/15)            Temple (1/1) D:5             Orc (0/4) D:12
   Lair (0/8) D:11         Vaults (0/5) D:13
 Depths: D:15

Altars:
Ashenzari
Cheibriados
Dithmenos
Elyvilon
Fedhas
Gozag
Kikubaaqudgha
Makhleb
Okawaru
Qazlal
Sif Muna
Trog
Vehumet
Xom
Yredelemnul
Zin
The Shining One
Beogh

Shops:
D:4 [   D:14 }[[=:


Innate Abilities, Weirdness & Mutations

You have hooves in place of feet.
Armour fits poorly on your strangely shaped body.
You cover ground very quickly.
You have extremely tough skin (AC +3).


Message History

The fire dragon tramples you but does no damage.
The fire dragon bites you! The fire dragon closely misses you.
The fire dragon completely misses you.
You hit the fire dragon but do no damage.
You kick the fire dragon, but do no damage.
The fire dragon is heavily wounded.
The fire dragon bites you but does no damage.
The fire dragon claws you but does no damage.
The fire dragon closely misses you.
You hit the fire dragon.
The fire dragon is heavily wounded.
The fire dragon bites you. The fire dragon barely misses you.
The fire dragon tramples you!
* * * LOW HITPOINT WARNING * * *
You stumble backwards!
You hit the fire dragon but do no damage.
The fire dragon is heavily wounded.
The fire dragon breathes flames at you. The blast of flame hits you!
You die...

###..# .(#..#
#(#..# #(#..#
#(#..#######..
#.#...........
#......#####..
#..D...[....#
#...@..####.
#.#...##
#.##### #. #.
#. .


You could see a fire dragon.

Vanquished Creatures
  Rupert (D:14)
  4 vault guards (D:13)
  Josephine (D:12)
  Harold (D:12)
  4 hydras
  A tengu warrior (D:13)
  Urug (D:14)
  A catoblepas (D:14)
  2 unseen horrors
  8 hill giants
  2 orc knights
  4 manticores
  2 orc sorcerers (D:13)
  3 centaur zombies
  2 cyclopes (D:13)
  Maurice (D:11)
  2 gargoyles (D:13)
  A hydra skeleton (D:11)
  5 slime creatures (D:14)
  3 two-headed ogres
  3 trolls
  A trapdoor spider (D:14)
  A shadow (D:13)
  3 wraiths
  3 deep elf magi
  10 yaks
  A golden eye (D:13)
  2 hill giant zombies
  Grum (D:9)
  A steam dragon (D:13)
  7 hippogriffs
  A hill giant skeleton (D:12)
  A deep elf fighter (D:13)
  A wyvern (D:14)
  3 mottled dragons
  8 vampire mosquitoes
  A soldier ant (D:13)
  3 wolves (D:9)
  17 orc warriors
  A dwarf (D:12)
  5 sky beasts
  A necrophage (D:6)
  2 phantoms
  6 ice beasts (IceCv)
  A black bear (D:12)
  12 ogres
  12 centaurs
  A brain worm (D:14)
  2 crocodiles
  Sigmund (D:3)
  4 boring beetles (D:11)
  5 big kobolds
  A tengu simulacrum (D:12)
  7 scorpions
  10 giant frogs
  16 killer bees
  7 crimson imps
  2 goliath beetles
  3 wights (D:13)
  The ghost of Xiguana the Ruffian, a weakling VSMo (D:3)
  A giant frog zombie (D:13)
  13 orc priests
  An elf zombie (D:12)
  A lava snake (D:12)
  3 jellies
  A basilisk zombie (D:13)
  7 hounds
  A soldier ant zombie (D:12)
  A giant frog skeleton (D:10)
  17 orc wizards
  8 worker ants
  2 sheep (D:13)
  6 iguanas
  Ijyb (D:2)
  A crocodile zombie (D:7)
  A hound skeleton (D:7)
  15 adders
  5 shadow imps
  12 white imps (D:11)
  A giant mite (D:3)
  An inept item mimic (D:4)
  3 worms
  An iguana zombie (D:6)
  7 giant geckos
  An ooze (D:1)
  73 orcs
  A bat skeleton (D:6)
  2 giant cockroaches (D:2)
  19 hobgoblins
  3 quokkas
  4 ball pythons
  8 bats
  A giant gecko zombie (D:8)
  3 giant newts
  2 giant spores
  10 goblins
  A hobgoblin skeleton (D:4)
  3 jackals (D:1)
  36 kobolds
  2 kobold zombies
  2 orc zombies (D:8)
  A quokka skeleton (D:5)
  23 rats
  A rat skeleton (D:7)
  A rat zombie (D:7)
  34 ballistomycetes
558 creatures vanquished.

Vanquished Creatures (collateral kills)
  A centaur (D:8)
  2 orc priests (D:6)
  2 orc wizards
  3 orcs
  A hobgoblin (D:6)
9 creatures vanquished.

Vanquished Creatures (others)
  An orc wizard (D:13)
  An orc (D:13)
  5 giant spores
  A kobold (D:3)
  A quokka (D:3)
  A ballistomycete (D:11)
10 creatures vanquished.

Grand Total: 577 creatures vanquished

Notes
Turn   | Place    | Note
--------------------------------------------------------------
     0 | D:1      | Ololoev, the Centaur Hunter, began the quest for the Orb.
     0 | D:1      | Reached XP level 1. HP: 17/17 MP: 1/1
   357 | D:1      | Reached XP level 2. HP: 19/24 MP: 2/2
   413 | D:1      | Reached skill level 6 in Throwing
  1057 | D:2      | Reached XP level 3. HP: 29/29 MP: 3/3
  1190 | D:2      | Noticed Ijyb
  1205 | D:2      | Killed Ijyb
  1205 | D:2      | Reached skill level 7 in Throwing
  1300 | D:2      | Reached XP level 4. HP: 9/36 MP: 3/3
  2158 | D:3      | Noticed Xiguana's ghost (weakling VSMo)
  2160 | D:3      | Noticed Sigmund
  2290 | D:2      | Reached skill level 8 in Throwing
  2312 | D:3      | Reached XP level 5. HP: 11/41 MP: 4/4
  2978 | D:3      | Found a shattered altar of Ashenzari.
  2980 | D:3      | Found a shimmering altar of Xom.
  3031 | D:3      | Found an opulent altar of Gozag.
  3214 | D:3      | Killed Xiguana's ghost
  3214 | D:3      | Reached skill level 9 in Throwing
  3701 | D:3      | Found a white marble altar of Elyvilon.
  3830 | D:4      | Found a radiant altar of Vehumet.
  3871 | D:4      | Noticed an orc warrior
  4125 | D:3      | Killed Sigmund
  4125 | D:3      | Reached XP level 6. HP: 31/48 MP: 5/5
  4232 | D:4      | Noticed an ogre
  4248 | D:3      | Reached skill level 10 in Throwing
  4598 | D:4      | Found Pygraid's Armour Shop.
  4607 | D:4      | Bought a +1 cloak of poison resistance for 135 gold pieces
  4976 | D:4      | Reached XP level 7. HP: 55/55 MP: 5/5
  5044 | D:4      | Reached skill level 11 in Throwing
  5114 | D:4      | Killed an orc warrior
  5508 | D:4      | Killed an ogre
  5508 | D:4      | Reached skill level 12 in Throwing
  5898 | D:5      | Entered Level 5 of the Dungeon
  5978 | D:5      | Found a staircase to the Ecumenical Temple.
  5982 | Temple   | Entered the Ecumenical Temple
  6027 | Temple   | Became a worshipper of Warmaster Okawaru
  6982 | D:5      | Reached XP level 8. HP: 61/61 MP: 8/8
  7141 | D:6      | Reached skill level 1 in Long Blades
  7240 | D:6      | HP: 2/61 [orc warrior/long sword (16)]
  7620 | D:6      | Acquired Okawaru's first power
  7879 | D:6      | Found a glowing golden altar of the Shining One.
  8361 | D:6      | Reached skill level 5 in Evocations
  8513 | D:6      | Found a burning altar of Makhleb.
  8596 | D:6      | Reached XP level 9. HP: 65/65 MP: 13/15
  8987 | D:7      | Reached skill level 5 in Long Blades
 11807 | D:8      | Reached skill level 5 in Fighting
 12077 | D:9      | Reached XP level 10. HP: 79/79 MP: 18/18
 12406 | D:9      | Noticed Grum
 12443 | D:9      | Received a gift from Okawaru
 12505 | D:9      | Killed Grum
 13066 | D:9      | Learned a level 1 spell: Apportation
 13114 | D:10     | Entered Level 10 of the Dungeon
 13369 | D:10     | Noticed a hill giant
 13415 | D:10     | Killed a hill giant
 13575 | D:10     | Acquired Okawaru's second power
 13745 | D:10     | Noticed a hill giant
 13799 | D:10     | Killed a hill giant
 13848 | D:10     | Reached skill level 10 in Long Blades
 14126 | D:10     | Received a gift from Okawaru
 14408 | D:11     | Noticed Maurice
 14445 | D:11     | Killed Maurice
 14445 | D:11     | Reached XP level 11. HP: 87/87 MP: 20/20
 14767 | D:11     | Found a frozen archway.
 14828 | IceCv    | Entered an ice cave
 14906 | IceCv    | Noticed an ice statue
 14906 | IceCv    | Noticed an ice statue
 14906 | IceCv    | Noticed an ice statue
 15267 | D:11     | Found a staircase to the Lair.
 15548 | D:11     | Received a gift from Okawaru
 16427 | D:11     | Received a gift from Okawaru
 16452 | D:11     | Noticed an eight-headed hydra
 16486 | D:11     | Killed an eight-headed hydra
 17423 | D:12     | Noticed a hill giant
 17439 | D:12     | Killed a hill giant
 18034 | D:12     | Killed an unseen horror
 18314 | D:12     | Noticed a hill giant
 18320 | D:12     | Noticed Josephine
 18345 | D:12     | Killed Josephine
 18345 | D:12     | Received a gift from Okawaru
 18345 | D:12     | Reached skill level 5 in Dodging
 18345 | D:12     | Reached XP level 12. HP: 52/101 MP: 21/21
 18742 | D:12     | Received a gift from Okawaru
 18789 | D:12     | Killed a hill giant
 18789 | D:12     | Reached skill level 1 in Armour
 18811 | D:12     | Found a roughly hewn altar of Beogh.
 18826 | D:12     | Found a staircase to the Orcish Mines.
 19080 | D:12     | Noticed Harold
 19096 | D:12     | Killed Harold
 19189 | D:12     | Upgraded the game from 0.15-a0-2193-g309c75d to 0.15-a0-2198-g7f377d1
 19246 | D:12     | Noticed a four-headed hydra
 19270 | D:12     | Killed a five-headed hydra
 20050 | D:13     | Reached skill level 5 in Armour
 20145 | D:13     | Found a basalt altar of Yredelemnul.
 21427 | D:13     | Noticed a vault guard
 21446 | D:13     | Noticed a vault guard
 21485 | D:13     | Killed a vault guard
 21826 | D:13     | Found a stormy altar of Qazlal.
 22179 | D:13     | Reached XP level 13. HP: 104/109 MP: 21/21
 22222 | D:13     | Killed a vault guard
 22222 | D:13     | Received a gift from Okawaru
 22267 | D:13     | Noticed a vault guard
 22278 | D:13     | Killed a vault guard
 22375 | D:13     | Found a gate to the Vaults.
 22376 | D:13     | Noticed a vault guard
 22396 | D:13     | Killed a vault guard
 23530 | D:14     | Found Urphar's Antique Armour Emporium.
 23533 | D:14     | Noticed Rupert
 23548 | D:14     | Paralysed by Rupert for 4 turns
 23620 | D:14     | Found Wooluviy's Jewellery Shop.
 23627 | D:14     | Noticed Urug
 23639 | D:14     | Killed Urug
 23780 | D:14     | Bought an uncursed amulet of faith for 600 gold pieces
 23994 | D:14     | Received a gift from Okawaru
 24241 | D:14     | Found Schigist's Book Shoppe.
 24670 | D:14     | Paralysed by Rupert for 6 turns
 24757 | D:14     | Paralysed by Rupert for 4 turns
 24796 | D:14     | Killed Rupert
 24984 | D:14     | Found Totuipef's Antique Armour Shop.
 25229 | D:14     | Received a gift from Okawaru
 25590 | D:14     | Found Erif Ten's Gadget Emporium.
 25597 | D:14     | Bought a wand of invisibility (4) for 112 gold pieces
 25819 | D:15     | Entered Level 15 of the Dungeon
 25921 | D:15     | Killed from afar by a fire dragon

Action                   |  1- 3 |  4- 6 |  7- 9 | 10-12 | 13-15 || total
-------------------------+-------+-------+-------+-------+-------++-------
Melee: Short sword       |    82 |     7 |    81 |       |       ||   170
       Spear             |    31 |    73 |       |       |       ||   104
       Dagger            |       |    92 |       |       |       ||    92
       Long sword        |       |       |   292 |   673 |    40 ||  1005
       Great sword       |       |       |       |       |   134 ||   134
       Claymore          |       |       |       |       |    16 ||    16
 Fire: Blowgun           |       |       |    94 |   287 |       ||   381
Throw: Stone             |    15 |    30 |       |       |       ||    45
       Javelin           |     7 |    23 |    26 |    61 |    61 ||   178
       Throwing net      |       |     3 |     2 |       |       ||     5
       Tomahawk          |       |       |    46 |   287 |   102 ||   435
Evoke: Wand              |       |       |    11 |    16 |    14 ||    41
  Use: Potion            |       |     2 |     1 |     5 |     4 ||    12
       Scroll            |       |       |    22 |    10 |     3 ||    35
  Eat: Chunk             |       |     7 |    11 |    13 |     5 ||    36
       Pizza             |       |     1 |       |     2 |       ||     3
       Meat ration       |       |     1 |       |       |       ||     1
       Fruit             |       |       |     1 |     9 |       ||    10
       Beef jerky        |       |       |     2 |     3 |     3 ||     8
       Royal jelly       |       |       |       |       |     1 ||     1
